 Dungeon Crawl Stone Soup version 0.31-a0-344-gd109795599 (webtiles) character file.

Game seed: 8335961159334922290

993 Newt the Slasher (level 8, -8/60 HPs)
             Began as a Merfolk Fighter on July 21, 2023.
             Mangled by a yak (12 damage)
             ... on level 7 of the Dungeon.
             The game lasted 00:05:55 (5372 turns).

Newt the Slasher (Merfolk Fighter)                  Turns: 5372, Time: 00:05:55

Health: -8/60      AC: 10    Str: 17    XL:     8   Next: 19%
Magic:  8/8        EV: 11    Int:  7    God:
Gold:   227        SH:  5    Dex: 15    Spells: 5/7 levels left

rFire   . . .        q - +0 falchion (heavy)
rCold   . . .        c - +0 buckler
rNeg    . . .        b - +0 scale mail
rPois   +            e - +0 helmet
rElec   .            x - +1 cloak {rPois}
rCorr   .            (no gloves)
SInv    .            (no boots)
Will    .....        (no amulet) Stlth
                     (no ring)
HPRegen 0.30/turn    (no ring)
MPRegen 0.11/turn

%: no passive effects
@: mighty
A: (nimble swimmer 2), mertail
a: no special abilities


You were on level 7 of the Dungeon.
You visited 1 branch of the dungeon, and saw 7 of its levels.

You collected 325 gold pieces.
You spent 98 gold pieces at shops.

Inventory:

Hand Weapons
 a - a +0 long sword
 q - a +0 heavy falchion (weapon)
Missiles
 g - 7 poisoned darts (quivered)
 j - 4 javelins
Armour
 b - a +0 scale mail (worn)
 c - a +0 buckler (worn)
 e - a +0 helmet (worn)
 i - a +0 cloak
 x - a +1 cloak of poison resistance (worn)
Wands
 k - a wand of digging (6)
 o - a wand of flame (44)
 s - a wand of iceblast (10)
Scrolls
 h - 4 scrolls of revelation
 m - a scroll of butterflies
 n - 2 scrolls of noise
 p - 4 scrolls of teleportation
 t - 2 scrolls of vulnerability
 u - a scroll of fog
 v - a scroll of fear
 w - a scroll of silence
 y - 2 scrolls of identify
Potions
 f - 2 potions of mutation
 l - a potion of resistance
 r - 3 potions of degeneration
 z - a potion of brilliance {unknown}
 A - a potion of curing


   Skills:
 - Level 4.0 Fighting
 - Level 6.0 Long Blades
 + Level 3.9 Armour
 - Level 6.0 Dodging
 - Level 3.0 Shields
 - Level 4.0 Evocations


You had 5 spell levels left.
You knew the following spells:

 Your Spells              Type           Power      Damage    Failure   Level
a - Passwall              Tmut/Erth      0%         N/A       96%         2

Your spell library contained the following spells:

 Spells                   Type           Power      Damage    Failure   Level
 Foxfire                  Conj/Fire      0%         2x1d4     89%         1
 Sandblast                Erth           0%         2d4       89%         1
 Ensorcelled Hibernation  Hex/Ice        0%         N/A       96%         2
 Portal Projectile        Hex/Tloc       0%         N/A       99%         3
 Swiftness                Air            0%         N/A       99%         3
 Tukima's Dance           Hex            0%         N/A       99%         3
 Iskenderun's Mystic Bla  Conj/Tloc      0%         2d3       100%        4
 Sticky Flame             Conj/Fire      0%         2d3       100%        4
 Summon Forest            Summ/Tloc      0%         N/A       100%        5
 Leda's Unmaking          Conj/Erth      0%         9d1       100%        6
 Starburst                Conj/Fire      0%         6d3       100%        6
 Lehudib's Crystal Spear  Conj/Erth      0%         10d2      100%        8


Dungeon Overview and Level Annotations

Branches:
Dungeon (7/15)
 Temple: D:4-7

Altars:
Nemelex Xobeh
Yredelemnul

Shops:
D:3 ?

Annotations:
D:3 3 runed translucent doors, Newt's ghost, amateur MfFi


Innate Abilities, Weirdness & Mutations

((You are very nimble when in or above water. (Stealth+, EV+, Speed+++)))
Your lower body shifts to a powerful aquatic tail in water.


Message History

The yak gores you.
* * * LOW HITPOINT WARNING * * *
The yak gores you but does no damage.
Unknown command.
You slash the yak!
The yak is almost dead.
The yak gores you but does no damage.
Unknown command.
You barely miss the yak.
The yak is almost dead.
The yak gores you but does no damage. The yak gores you!
* * * LOW HITPOINT WARNING * * *
Unknown command.
You slice the yak!!
You kill the yak!
Unknown command.
The yak attacks as you move away! The yak barely misses you.
You feel better. The yak gores you but does no damage.
The yak attacks as you move away! The yak barely misses you.
The yak attacks as you move away! The yak gores you.
* * * LOW HITPOINT WARNING * * *
The yak attacks as you move away! The yak closely misses you.
There is a stone staircase leading down here.
The yak gores you but does no damage.
You climb downwards.
You hear the roar of battle.
There is an entrance to a bailey on this level.
Hurry and find it before the portal closes forever!
Found an orcbow.
There is a stone staircase leading up here.
You hit the yak.
The yak is lightly wounded.
The yak gores you but does no damage. You block the yak's attack.
You slash the yak!
The yak is heavily wounded.
The yak gores you!
* * * LOW HITPOINT WARNING * * *
You barely miss the yak.
The yak is heavily wounded.
The yak gores you but does no damage. The yak gores you!
You die...

#### #@.#
#..Y.)....
#.........
+.........
##..##....
#+## ....
... ..


You could see a yak.

Vanquished Creatures
  3 yaks (D:6)
  A water moccasin (D:6)
  4 hounds
  Crazy Yiuf (D:5)
  4 iguanas
  2 orc wizards
  5 adders
  A white imp (D:5)
  A worm (D:2)
  2 dart slugs (D:4)
  13 orcs
  5 bats
  6 endoplasms
  11 giant cockroaches
  9 goblins
  9 hobgoblins
  A jackal (D:1)
  4 quokkas
  8 ball pythons
  4 frilled lizards
  13 kobolds
  7 rats
114 creatures vanquished.

Notes
Turn   | Place    | Note
-------+----------+-------------------------------------------
     0 | D:1      | Newt the Merfolk Fighter began the quest for the Orb.
     0 | D:1      | Reached XP level 1. HP: 18/18 MP: 1/1
    19 | D:1      | Got Fiblyq's Precepts of Conflagrant Stones
   127 | D:1      | Reached XP level 2. HP: 24/25 MP: 2/2
   299 | D:1      | Found a faded altar of an unknown god.
   316 | D:1      | Reached skill level 1 in Dodging
   631 | D:1      | Reached XP level 3. HP: 30/30 MP: 3/3
  1372 | D:2      | Reached XP level 4. HP: 31/37 MP: 4/4
  1528 | D:2      | Got Lasufod's Excursus on Unified Combat Magic
  2112 | D:3      | Found a transporter.
  2112 | D:3      | Found Oreref's Magic Scroll Shoppe.
  2167 | D:3      | Found a transporter.
  2321 | D:3      | Noticed Newt's ghost (amateur MfFi)
  2354 | D:3      | Learned a level 2 spell: Passwall
  2458 | D:3      | Found a runed translucent gate.
  2458 | D:3      | Found a runed translucent gate.
  2459 | D:3      | Found a runed translucent gate.
  2720 | D:3      | Bought a scroll of identify for 28 gold pieces
  2720 | D:3      | Bought a scroll of identify for 28 gold pieces
  2720 | D:3      | Bought a scroll of identify for 28 gold pieces
  2720 | D:3      | Bought a scroll of noise for 14 gold pieces
  2789 | D:4      | Reached XP level 5. HP: 41/42 MP: 5/5
  2838 | D:4      | HP: 2/42 [orc/+0 hand axe (4)]
  2844 | D:4      | Reached skill level 5 in Long Blades
  3388 | D:4      | Reached XP level 6. HP: 31/48 MP: 6/6
  3716 | D:5      | Entered Level 5 of the Dungeon
  3929 | D:5      | Reached skill level 5 in Dodging
  4078 | D:5      | Found a runed translucent door.
  4079 | D:5      | Noticed Crazy Yiuf
  4255 | D:5      | Found a basalt altar of Yredelemnul.
  4353 | D:5      | Killed Crazy Yiuf
  4354 | D:5      | Reached XP level 7. HP: 23/54 MP: 7/7
  4502 | D:6      | Found a sparkling altar of Nemelex Xobeh.
  4510 | D:6      | Reached skill level 1 in Evocations
  5325 | D:6      | Noticed a yak
  5326 | D:6      | Noticed a yak
  5329 | D:6      | Noticed a yak
  5330 | D:6      | Noticed a yak
  5331 | D:6      | Noticed a yak
  5333 | D:6      | Noticed a yak
  5354 | D:6      | Killed a yak
  5355 | D:6      | Killed a yak
  5356 | D:6      | Reached XP level 8. HP: 15/60 MP: 8/8
  5358 | D:6      | HP: 2/60 [yak (9)]
  5359 | D:6      | Killed a yak
  5371 | D:7      | HP: 3/60 [yak (11)]
  5372 | D:7      | Mangled by a yak

Illustrated notes

Levels and vault maps discovered:
D:1:      dpeg_arrival_rooms_with_view, layout_loops_ring,
          shapermc_ecumenical_altar_venn, chequers_serial_rivers_large_b,
          hangedman_feature_mirror, amcnicky_mini_rare_corridor_liquid
D:2:      minmay_roachtagon, layout_basic
D:3:      layout_basic, gammafunk_ghost_split, serial_shops,
          nicolae_shop_drivethru, minmay_surrounded
D:4:      layout_basic
D:5:      layout_cave_pools, lemuel_coloured_pillars_altar,
          uniq_crazy_yiuf_cottage
D:6:      layout_basic, mainiacjoe_overflow_cross_hatched
D:7:      layout_gridville, mainiacjoe_overflow_chevrons, temple_green,
          enter_bailey_7, nicolae_inconvenience_store

Skill      XL: |  1  2  3  4  5  6  7 |
---------------+----------------------+-----
Fighting       | 4 |  4.0
Dodging        | 2 3 4 6 |  6.0
Long Blades    | 4 5 6 |  6.0
Evocations     | 4 |  4.0
Armour         | 3 |  3.9
Shields        | |  3.0

Action                     |  1- 3 |  4- 6 |  7- 9 || total
---------------------------+-------+-------+-------++-------
  Melee: Long sword        |   135 |   119 |       ||   254
         Falchion          |       |    59 |    57 ||   116
  Throw: Dart              |       |       |    10 ||    10
   Cast: Passwall          |       |     2 |       ||     2
    Use: Scroll            |     4 |     8 |     2 ||    14
         Potion            |       |     3 |     2 ||     5
 Armour: Scale mail        |    75 |    75 |    31 ||   181
  Dodge: Dodged            |    89 |    80 |    43 ||   212
  Block: Buckler           |    24 |    42 |    16 ||    82

Table legend: (Time is in decaauts)
 A = Elapsed time spent in this place.
 B = Non-inter-level travel time spent in this place.
 C = Inter-level travel time spent in this place.
 D = Time resting spent in this place.
 E = Time spent auto-exploring this place.
 F = Levels seen in this place.
 G = Mean time per level.
                   A        B        C        D        E       F      G
               +--------+--------+--------+--------+--------+-----+--------+
         Total |   5498 |   5206 |    292 |    610 |   3606 |   7 |  785.4 |
       Dungeon |   5498 |   5206 |    292 |    610 |   3606 |   7 |  785.4 |
               +--------+--------+--------+--------+--------+-----+--------+

Top non-repeatable levels by time:
     D:2: 1047 daAuts
     D:4: 1007 daAuts
     D:3: 914 daAuts
     D:6: 901 daAuts
     D:1: 823 daAuts
     D:5: 800 daAuts
     D:7: 3 daAuts
